 Dungeon Crawl Stone Soup version 0.26-a0-812-g31a745ddcd (webtiles) character file.

Game seed: 10991813608227879690

532 strifetoe the Cleaver (level 7, -2/57 HPs)
             Began as a Hill Orc Fighter on Nov 14, 2020.
             Was a Believer of Nemelex Xobeh.
             Shot with an arrow by a centaur (9 damage)
             ... on level 5 of the Dungeon.
             The game lasted 00:05:54 (3163 turns).

strifetoe the Cleaver (Hill Orc Fighter)            Turns: 3163, Time: 00:05:54

Health: -2/57      AC:  3    Str: 21    XL:     7   Next: 24%
Magic:  7/7        EV:  5    Int:  8    God:    Nemelex Xobeh [**....]
Gold:   217        SH:  9    Dex: 10    Spells: 6/6 levels left

rFire    . . .     SeeInvis .   a - +1 war axe
rCold    . . .     Faith    .   c - +0 kite shield
rNeg     . . .     Spirit   .   e - +0 chain mail
rPois    .         Reflect  .   (no helmet)
rElec    .         Harm     .   (no cloak)
rCorr    .         Rampage  .   n - +1 pair of gloves
MR       .....                  (no boots)
Stlth    ..........             (no amulet)
HPRegen  0.19/turn              (no ring)
MPRegen  0.10/turn              (no ring)

@: corroded
A: no striking features
a: Draw Escape, Draw Destruction, Draw Summoning, Renounce Religion


You were on level 5 of the Dungeon.
You worshipped Nemelex Xobeh.
Nemelex Xobeh was pleased with you.
You visited 1 branch of the dungeon, and saw 5 of its levels.

You collected 295 gold pieces.
You spent 78 gold pieces at shops.

Inventory:

Hand Weapons
 a - a +1 war axe (weapon)
Armour
 b - a +0 scale mail
 c - a +0 kite shield (worn)
 e - a +0 chain mail (worn)
 n - a +1 pair of gloves (worn)
Jewellery
 s - an uncursed amulet of magic regeneration
 t - a +4 ring of evasion {unknown}
Wands
 q - a wand of random effects (16)
Scrolls
 f - a scroll of remove curse {unknown}
 g - 2 scrolls of enchant armour {unknown}
 i - 4 scrolls of amnesia {unknown}
 j - 2 scrolls of identify
 k - a scroll of fear
 l - a scroll of fog
 m - a scroll of noise
 o - 2 scrolls of teleportation {unknown}
 v - a scroll of immolation {unknown}
 y - a scroll of enchant weapon
Potions
 d - 3 potions of might
 h - a potion of resistance {unknown}
 p - 3 potions of curing
 r - 2 potions of heal wounds
 u - a potion of degeneration {unknown}
 w - a potion of cancellation {unknown}
 x - 2 potions of mutation
 z - a potion of berserk rage {unknown}
 A - 2 potions of flight


   Skills:
 - Level 3.6 Fighting
 + Level 10.1 Axes
 - Level 3.2 Armour
 - Level 3.2 Shields


You had 6 spell levels left.
You didn't know any spells.
Your spell library contained the following spells:

 Spells                   Type           Power        Failure   Level
 Beastly Appendage        Tmut           #.....       100%        1
 Wereblood                Tmut           #.......     100%        2
 Spider Form              Tmut/Pois      #.........   100%        3
 Ice Form                 Ice/Tmut       #.......     100%        4
 Blade Hands              Tmut           #.........   100%        5


Dungeon Overview and Level Annotations

Branches:
Dungeon (5/15)
 Temple: D:4-7

Altars:
Cheibriados
Fedhas
Makhleb
Nemelex Xobeh
Okawaru
Ru

Shops:
D:4 !

Annotations:
D:3 2 transporters


Message History

Unknown command.
You hit the jelly but do no damage.
Your hands burn!
* * * LOW HITPOINT WARNING * * *
The jelly is severely wounded.
You block the jelly's attack. The jelly hits you but does no damage.
You are too injured to fight recklessly!
You hit the jelly.
Your hands burn!
* * * LOW HITPOINT WARNING * * *
The jelly is almost dead.
The jelly hits you.
* * * LOW HITPOINT WARNING * * *
You are splashed with acid.
* * * LOW HITPOINT WARNING * * *
Unknown command.
You hit the jelly.
You kill the jelly!
Your Axes skill increases to level 10!
The centaur shoots an arrow.
The arrow hits you!
You die...
Your body glows slightly and disappears.

#.# ##.# ### . ... ..#
.. ##.#####.# #.#
#......#.# #...
#...##.#.#######
.#....##.......#.....#
.....c.@((?#.>...^...#
.#....#....#######...#
#.## #.##.# #####...#
#.##.# #.......#
#.##.# #.####.##
..##.# #.# #.# ####..
#.# ### ### #.# #.##


You could see a centaur.

Vanquished Creatures
  A phantom (D:4)
  A jelly (D:5)
  3 hounds
  An orc priest (D:4)
  2 orc wizards (D:4)
  Jessica (D:2)
  3 worker ants
  4 adders
  A worm (D:4)
  A dart slug (D:2)
  4 leopard geckos
  9 orcs
  10 giant cockroaches
  6 goblins
  4 hobgoblins
  6 jackals
  7 kobolds
  4 quokkas
  8 bats
  5 frilled lizards
  7 rats
88 creatures vanquished.

Notes
Turn   | Place    | Note
-------+----------+-------------------------------------------
     0 | D:1      | strifetoe the Hill Orc Fighter began the quest for the Orb.
     0 | D:1      | Reached XP level 1. HP: 19/19 MP: 1/1
    49 | D:1      | Reached skill level 3 in Axes
   150 | D:1      | Reached XP level 2. HP: 26/26 MP: 2/2
   167 | D:1      | Reached skill level 4 in Axes
   427 | D:1      | Reached XP level 3. HP: 31/31 MP: 3/3
   637 | D:1      | Reached skill level 5 in Axes
   748 | D:2      | Noticed Jessica
   751 | D:2      | Killed Jessica
   751 | D:2      | Reached XP level 4. HP: 23/39 MP: 4/4
  1010 | D:2      | Found a sparkling altar of Nemelex Xobeh.
  1013 | D:2      | Found a sacrificial altar of Ru.
  1017 | D:2      | Found an iron altar of Okawaru.
  1023 | D:2      | Became a worshipper of Nemelex Xobeh the Trickster
  1151 | D:2      | Found a burning altar of Makhleb.
  1154 | D:2      | Reached skill level 6 in Axes
  1514 | D:3      | Found a transporter.
  1516 | D:3      | Noticed a sky beast
  1546 | D:3      | Found a snail-covered altar of Cheibriados.
  1558 | D:3      | Reached XP level 5. HP: 45/45 MP: 5/5
  1660 | D:3      | Found a transporter.
  1762 | D:3      | Reached * piety under Nemelex Xobeh
  1809 | D:3      | Reached skill level 7 in Axes
  2190 | D:4      | Reached skill level 8 in Axes
  2190 | D:4      | Reached XP level 6. HP: 51/51 MP: 6/6
  2400 | D:4      | Noticed a phantom
  2437 | D:4      | Killed a phantom
  2437 | D:4      | Reached skill level 9 in Axes
  2507 | D:4      | Received a gift from Nemelex Xobeh
  2616 | D:4      | Reached XP level 7. HP: 57/57 MP: 7/7
  2692 | D:4      | Found Tezurphos's Distillery.
  2698 | D:4      | Bought 2 potions of curing for 78 gold pieces
  3072 | D:5      | Entered Level 5 of the Dungeon
  3076 | D:5      | Found a blossoming altar of Fedhas.
  3148 | D:5      | Received a gift from Nemelex Xobeh
  3154 | D:5      | Reached ** piety under Nemelex Xobeh
  3163 | D:5      | Reached skill level 10 in Axes
  3163 | D:5      | Shot with an arrow by a centaur

Illustrated notes

Levels and vault maps discovered:
D:1:      sevenhm_arrival_forest_fort_small_4, layout_basic, serial_aquarium,
          aquarium_bridge_long_separate [aquarium_subvault_bridge,
          aquarium_subvault_bridge, aquarium_subvault_window,
          aquarium_subvault_bridge, aquarium_subvault_bridge,
          aquarium_subvault_bridge], aquarium_window_1, aquarium_window_3,
          aquarium_view_2f, aquarium_pool_2, corexii_corridor_pit,
          hangedman_decor_peaks_small
D:2:      layout_loops_ring, grunt_temple_overflow_diamond,
          makhleb_blood_cavern_becter, uniq_jessica
D:3:      layout_basic, gammafunk_temple_overflow_arena,
          hangedman_decor_slide_cut
D:4:      layout_basic, serial_shops, kennysheep_mini
D:5:      layout_basic, lemuel_round_altar, serial_shops,
          nicolae_shop_waterfront, minivault_26, fedhas_altar_3

Skill      XL: |  1  2  3  4  5  6  7 |
---------------+----------------------+-----
Axes           | 3 4 5 6 8 9 10 | 10.1
Fighting       | |  3.6
Armour         | |  3.2
Shields        | |  3.2

Action                   |  1- 3 |  4- 6 |  7- 9 || total
-------------------------+-------+-------+-------++-------
Melee: War axe           |    72 |   195 |    25 ||   292
  Use: Scroll            |       |       |     8 ||     8
Armor: Chain mail        |    57 |    90 |    14 ||   161
       Scale mail        |     2 |       |       ||     2
Dodge: Dodged            |    16 |    27 |     3 ||    46
Block: Kite shield       |    46 |    98 |     5 ||   149

Table legend: (Time is in decaauts)
 A = Elapsed time spent in this place.
 B = Non-inter-level travel time spent in this place.
 C = Inter-level travel time spent in this place.
 D = Time resting spent in this place.
 E = Time spent auto-exploring this place.
 F = Levels seen in this place.
 G = Mean time per level.
                   A        B        C        D        E       F      G
               +--------+--------+--------+--------+--------+-----+--------+
         Total |   3236 |   3074 |    162 |     22 |   2397 |   5 |  647.2 |
       Dungeon |   3236 |   3074 |    162 |     22 |   2397 |   5 |  647.2 |
               +--------+--------+--------+--------+--------+-----+--------+

Top non-repeatable levels by time:
     D:4: 915 daAuts
     D:2: 849 daAuts
     D:3: 721 daAuts
     D:1: 658 daAuts
     D:5: 91 daAuts
